AoeStats
← E-d-d-i-e91G

Black Forest

509086594Analyzed
2v2 RM · 8d ago on Sep 25, 2026· 64m 5s· 4 players
Game mode
Random Map
Map size
Medium (4 player)
Population
200
Speed
Normal
Resources
Standard
Victory
Conquest
Starting age
Dark Age
Ending age
Imperial Age
RankedLock teamsTeams togetherTeam positionsShared explorationLock speedFull tech treeHidden civsTurbo modeCheats
Victory
Defeat
🇺🇸 Franks · United States
439
+13
🇫🇷 Britons · France
437
+13
🇦🇺 Portuguese · Australia
382
-13
🇦🇺 Turks · Australia
375
-13
iSawYouOpen
0:56 Loom
17:01 Feudal Age
22:29 Castle Age
21:21 Double-Bit Axe
29:08 Imperial Age
27:10 Bow Saw
28:15 Fervor
32:15 Ballistics
31:52 Man-at-Arms
34:46 Chemistry
33:42 Murder Holes
34:14 Husbandry
34:24 Town Watch
35:16 Wheelbarrow
34:51 Chivalry
35:29 Town Patrol
35:42 Long Swordsman
37:12 Hand Cart
36:46 Gambesons
37:02 Squires
36:22 Pikeman
37:08 Scale Mail Armor
36:33 Light Cavalry
37:29 Fortified Wall
37:34 Masonry
37:22 Gold Mining
37:25 Stone Mining
39:36 Gold Shaft Mining
38:27 Onager
39:22 Two-Handed Swordsman
39:30 Cavalier
40:21 Scale Barding Armor
40:27 Forging
40:42 Heavy Scorpion
40:48 Halberdier
41:14 Arson
41:38 Champion
42:45 Chain Mail Armor
43:01 Chain Barding Armor
45:10 Plate Barding Armor
45:06 Plate Mail Armor
45:11 Iron Casting
45:22 Paladin
47:36 Fletching
47:47 Padded Archer Armor
47:47 Ordonnance Companies
48:49 Conscription
49:04 Hoardings
47:51 Elite Throwing Axeman
52:03 Architecture
51:39 Siege Engineers
51:25 Guard Tower
51:15 Treadmill Crane
51:21 Arrowslits
52:57 Capped Ram
55:51 Blast Furnace
54:47 Bodkin Arrow
54:27 Cranequins
54:29 Elite Skirmisher
62:06 Leather Archer Armor
61:59 Siphons
62:05 Clinker Construction
62:05 Careening
62:25 Illumination
62:00 Devotion
62:20 Sanctity
62:37 Theocracy
61:59 Herbal Medicine
64:40 Block Printing
Sebgir
14:12 Feudal Age
14:58 Double-Bit Axe
14:56 Horse Collar
15:50 Stone Mining
16:55 Gold Mining
17:45 Wheelbarrow
25:24 Castle Age
26:13 Forging
25:54 Fletching
27:57 Bow Saw
31:10 Iron Casting
32:50 Ballistics
32:29 Murder Holes
32:42 Scale Barding Armor
34:12 Gold Shaft Mining
33:44 Heavy Plow
34:09 Bodkin Arrow
33:59 Treadmill Crane
34:31 Masonry
34:32 Husbandry
36:02 Squires
37:33 Hand Cart
37:01 Pikeman
38:16 Caravan
39:23 Chain Barding Armor
39:45 Fortified Wall
43:33 Imperial Age
42:40 Padded Archer Armor
42:41 Scale Mail Armor
44:07 Town Watch
43:47 Cavalier
45:04 Conscription
46:08 Two-Man Saw
46:06 Town Patrol
46:56 Yeomen
46:47 Bracer
47:13 Halberdier
49:18 Chemistry
48:31 Siege Engineers
49:07 Elite Longbowman
54:02 Blast Furnace
53:19 Chain Mail Armor
53:40 Architecture
57:10 Plate Barding Armor
56:51 Leather Archer Armor
57:08 Plate Mail Armor
56:57 Warwolf
61:26 Ring Archer Armor
E-d-d-i-e91G
13:28 Feudal Age
15:55 Horse Collar
16:07 Double-Bit Axe
17:37 Man-at-Arms
20:06 Gold Mining
20:06 Town Watch
21:50 Wheelbarrow
27:34 Castle Age
27:30 Loom
27:48 Arson
28:21 Stone Mining
29:11 Gold Shaft Mining
29:19 Caravan
30:24 Hand Cart
31:13 Heavy Plow
33:53 Bow Saw
39:33 Imperial Age
38:32 Town Patrol
42:08 Two-Man Saw
42:29 Hoardings
44:20 Guilds
46:07 Treadmill Crane
46:22 Heated Shot
46:57 Bombard Tower
47:52 Padded Archer Armor
47:44 Fletching
49:45 Thumb Ring
51:32 Elite Janissary
52:42 Fortified Wall
52:45 Masonry
52:26 Arrowslits
61:42 Leather Archer Armor
62:47 Squires
62:59 Bodkin Arrow
IAMASTROMAN9714
14:52 Feudal Age
15:06 Man-at-Arms
15:47 Horse Collar
17:36 Gold Mining
20:05 Wheelbarrow
20:09 Arson
21:12 Double-Bit Axe
23:15 Stone Mining
28:18 Castle Age
28:29 Long Swordsman
28:56 Gambesons
28:45 Pikeman
30:31 Hand Cart
30:37 Hand Cart
30:08 Loom
30:00 Crossbowman
31:57 Thumb Ring
31:15 Elite Skirmisher
32:58 Heavy Plow
36:11 Caravan
36:27 Forging
36:18 Scale Mail Armor
36:11 Fletching
36:22 Padded Archer Armor
41:04 Bow Saw
45:18 Imperial Age
44:13 Iron Casting
43:54 Chain Mail Armor
44:07 Fervor
45:26 Two-Handed Swordsman
45:27 Halberdier
47:05 Champion
48:23 Arbalester
49:01 Capped Ram
53:05 Elite Organ Gun
62:30 Sappers
Connection lost

Rejoining the realm…

Still unreachable

The connection could not be restored.

Session expired

The server has moved on; the page needs a fresh start.